 Dungeon Crawl Stone Soup version 0.30-a0-862-g1aabd4f9c5 (webtiles) character file.

Game seed: 6507325953359789698

95 ragingrage the Slasher (level 4, -1/33 HPs)
             Began as a Formicid Warper on Mar 9, 2023.
             Slain by an orc
             ... wielding a +0 whip
              (5 damage)
             ... on level 3 of the Dungeon.
             The game lasted 00:02:23 (2211 turns).

ragingrage the Slasher (Formicid Warper)            Turns: 2211, Time: 00:02:24

Health: -1/33      AC:  5    Str: 16    XL:     4   Next: 95%
Magic:  7/7        EV: 12    Int: 12    God:
Gold:   95         SH:  0    Dex: 15    Spells: 7/7 levels left

rFire   . . .      SeeInvis +    a - +0 falchion
rCold   + . .      Faith    .    (no shield)
rNeg    . . .      Spirit   .    r - +1 leather armour "Wuroklai" {rC+ Stlth+}
rPois   .          Reflect  .    (helmet unavailable)
rElec   .          Rampage  .    (no cloak)
rCorr   .                        (no gloves)
Will    .....                    s - +0 pair of boots
Stlth   +++                      (no amulet)
HPRegen 0.25/turn                (no ring)
MPRegen 0.10/turn                (no ring)

@: no status effects
A: permanent stasis, dig shafts and tunnels, antennae 3, four strong arms
a: Dig, Shaft Self


You were on level 3 of the Dungeon.
You visited 1 branch of the dungeon, and saw 3 of its levels.

You collected 95 gold pieces.

Inventory:

Hand Weapons
 a - a +0 falchion (weapon)
Missiles
 d - 7 boomerangs of dispersal (quivered)
 h - 6 poisoned darts
Armour
 r - the +1 leather armour "Wuroklai" (worn) {rC+ Stlth+}
   (You found it on level 2 of the Dungeon)

   rC:        It protects you from cold.
   Stlth:     It makes you more stealthy.
 s - a +0 pair of boots (worn)
 t - a +0 kite shield
Jewellery
 i - a ring of fire
Scrolls
 c - a scroll of blinking
 g - a scroll of identify
 k - 3 scrolls of teleportation
 l - a scroll of amnesia
 m - 2 scrolls of immolation
 u - a scroll of noise {unknown}
Potions
 b - a potion of magic {unknown}
 e - a potion of heal wounds
 f - a potion of lignification {unknown}
 j - a potion of invisibility {unknown}
 n - a potion of curing {unknown}
 o - a potion of degeneration {unknown}
 p - a potion of mutation {unknown}
 q - a potion of ambrosia {unknown}


   Skills:
 - Level 2.1 Fighting
 + Level 4.0 Long Blades
 - Level 1.0 Throwing
 - Level 1.1 Armour
 - Level 1.7 Dodging
 - Level 3.0 Stealth
 - Level 2.1 Spellcasting
 - Level 2.6 Translocations


You had 7 spell levels left.
You didn't know any spells.
Your spell library contained the following spells:

 Spells                   Type           Power      Damage    Failure   Level
 Lesser Beckoning         Tloc           14%        N/A       17%         2
 Teleport Other           Tloc           7%         N/A       32%         3
 Vhi's Electric Charge    Tloc/Air       8%         N/A       50%         3
 Manifold Assault         Tloc           7%         N/A       73%         4
 Blink                    Tloc           Unusable   N/A       N/A         2

Dungeon Overview and Level Annotations

Branches:
Dungeon (3/15)

Altars:
Yredelemnul
Zin

Annotations:
D:3 3 runed translucent doors, Datul's ghost, amateur DsWr; FexLirch's ghost, amateur AtFi; IdlyInterested's ghost, weakling DsFi; monoptic's ghost, weakling SpHu


Innate Abilities, Weirdness & Mutations

You cannot be hasted, slowed, berserked, paralysed or teleported.
You can dig through walls and to a lower floor.
You have a pair of large antennae on your head. (SInv)
Your four strong arms can wield two-handed weapons with a shield.


Message History

You hit the orc.
You kill the orc!
The orc priest barely misses you. The orc hits you but does no damage.
The orc barely misses you. x2; The orc hits you with a +0 hand axe.
The orc hits you but does no damage.
You hit the orc.
The orc priest hits you from afar with a +0 trident.
The orc hits you but does no damage. The orc misses you.
The orc barely misses you. The orc closely misses you.
The orc hits you but does no damage. The orc hits you with a +0 club.
The orc priest hits you from afar with a +0 trident!
The orc closely misses you. The orc hits you with a +0 short sword.
The orc hits you with a +0 whip.
You are too injured to fight recklessly!
You are too injured to fight recklessly!
You are too injured to fight recklessly!
You are too injured to fight recklessly!
You are too injured to fight recklessly!
You are too injured to fight recklessly!
As you read the scroll labelled GISMEQ BOILEY, it crumbles to dust.
You feel a strange sense of stasis.
It was a scroll of teleportation.
The orc priest barely misses you. The orc misses you.
The orc hits you but does no damage. The orc hits you with a +0 short sword.
The orc misses you. x2
As you read the scroll labelled YRCHUF LUNKIFEH, it crumbles to dust.
It is a scroll of identify.
m - 2 scrolls of immolation The orc priest hits you from afar with a +0 trident.
The orc barely misses you. The orc hits you with a +0 whip.
* * * LOW HITPOINT WARNING * * *
The orc hits you with a +0 short sword.
* * * LOW HITPOINT WARNING * * *
The orc barely misses you. The orc hits you but does no damage.
As you read the scroll labelled OGGA SULAHUI, it crumbles to dust.
It is a scroll of amnesia.
You feel forgetful for a moment. The orc priest closely misses you.
The orc hits you with a +0 whip.
* * * LOW HITPOINT WARNING * * *
The orc hits you with a +0 whip.
You die...

.#..>...........#...
................#.#
##..............#.#
.............:....##
...................######
.........................
....................#####
.................o..#
...........<...o@o..#
................oo..#
##..<.........o....##
#..........# ...........#
...........# ...........#
...........#


You could see an orc priest and 5 orcs.

Vanquished Creatures
  2 adders (D:2)
  2 worms (D:2)
  3 dart slugs
  4 orcs
  5 endoplasms
  2 giant cockroaches (D:1)
  4 goblins
  6 hobgoblins
  9 kobolds
  A quokka (D:2)
  4 ball pythons
  7 bats
  4 frilled lizards
  7 rats
60 creatures vanquished.

Notes
Turn   | Place    | Note
-------+----------+-------------------------------------------
     0 | D:1      | ragingrage the Formicid Warper began the quest for the Orb.
     0 | D:1      | Reached XP level 1. HP: 16/16 MP: 3/3
   139 | D:1      | Reached XP level 2. HP: 19/22 MP: 1/5
   519 | D:1      | Reached skill level 1 in Stealth
   589 | D:1      | Reached skill level 3 in Long Blades
   589 | D:1      | Reached XP level 3. HP: 27/27 MP: 6/6
  1291 | D:2      | Reached XP level 4. HP: 22/33 MP: 7/7
  1342 | D:2      | Found a faded altar of an unknown god.
  1456 | D:2      | Identified the +1 leather armour "Wuroklai" {rC+ Stlth+}
  2068 | D:3      | Found a glowing silver altar of Zin.
  2102 | D:3      | Found a basalt altar of Yredelemnul.
  2142 | D:3      | Found a runed translucent gate.
  2144 | D:3      | Found a runed translucent gate.
  2144 | D:3      | Found a runed translucent gate.
  2145 | D:3      | Noticed monoptic's ghost (weakling SpHu)
  2145 | D:3      | Noticed IdlyInterested's ghost (weakling DsFi)
  2146 | D:3      | Noticed FexLirch's ghost (amateur AtFi)
  2146 | D:3      | Noticed Datul's ghost (amateur DsWr)
  2179 | D:3      | Reached skill level 4 in Long Blades
  2211 | D:3      | Slain by an orc

Illustrated notes

Levels and vault maps discovered:
D:1:      dpeg_arrival_tiny_a, layout_basic
D:2:      minmay_recursive_quarters, layout_basic,
          chequers_ecumenical_altar_simple_redux
D:3:      layout_rooms, nicolae_vehumet_radiance, mainiacjoe_overflow_paths,
          mainiacjoe_overflow_concentric_impassable, gammafunk_ghost_cemetery,
          kennysheep_big_empty_room, kennysheep_nub, minmay_misc_feat_nine_boxes

Skill      XL: |  1  2  3  4 |
---------------+-------------+-----
Stealth        | 1 2 3 |  3.0
Long Blades    | 3 4 |  4.0
Fighting       | |  2.1
Throwing       | |  1.0
Armour         | |  1.1
Dodging        | |  1.7
Spellcasting   | |  2.1
Translocations | |  2.6

Action                     |  1- 3 |  4- 6 || total
---------------------------+-------+-------++-------
  Melee: Falchion          |    95 |   106 ||   201
    Use: Scroll            |       |     3 ||     3
         Potion            |       |     1 ||     1
   Stab: Sleeping          |     2 |     1 ||     3
 Armour: Ring mail         |    48 |     2 ||    50
         Leather armour    |       |    23 ||    23
  Dodge: Dodged            |    70 |    96 ||   166

Table legend: (Time is in decaauts)
 A = Elapsed time spent in this place.
 B = Non-inter-level travel time spent in this place.
 C = Inter-level travel time spent in this place.
 D = Time resting spent in this place.
 E = Time spent auto-exploring this place.
 F = Levels seen in this place.
 G = Mean time per level.
                   A        B        C        D        E       F      G
               +--------+--------+--------+--------+--------+-----+--------+
         Total |   2240 |   2031 |    209 |    188 |   1257 |   3 |  746.7 |
       Dungeon |   2240 |   2031 |    209 |    188 |   1257 |   3 |  746.7 |
               +--------+--------+--------+--------+--------+-----+--------+

Top non-repeatable levels by time:
     D:2: 1102 daAuts
     D:1: 987 daAuts
     D:3: 149 daAuts
